 Dungeon Crawl Stone Soup version 0.22-a0-538-g76cc104 (webtiles) character file.

4 kae the Insei (level 1, -3/15 HPs)
             Began as a Demonspawn Transmuter on June 23, 2018.
             Slain by a kobold
             ... wielding a +0 short sword
              (5 damage)
             ... on level 1 of the Dungeon.
             The game lasted 00:00:07 (93 turns).

kae the Insei (Demonspawn Transmuter)                 Turns: 93, Time: 00:00:07

Health: -3/15      AC:  2    Str: 10    XL:     1   Next: 58%
Magic:  2/3        EV: 12    Int: 14    God:
Gold:   0          SH:  0    Dex: 13    Spells: 3/4 levels left

rFire    . . .     SeeInvis .     - Unarmed
rCold    . . .     Gourm    .   (no shield)
rNeg     . . .     Faith    .   b - +0 robe
rPois    .         Spirit   .   (no helmet)
rElec    .         Reflect  .   (no cloak)
rCorr    .         Harm     .   (no gloves)
MR       .....                  (boots currently unavailable)
Stlth    +.........             (no amulet)
HPRegen  0.05/turn              (no ring)
MPRegen  0.08/turn              (no ring)

@: appendage (expiring)
A: talons 3
a: End Transformation


You were on level 1 of the Dungeon.
You were not hungry.
You had grown temporary talons.
You visited 1 branch of the dungeon, and saw 1 of its levels.

Inventory:

Missiles
 a - 12 arrows
Armour
 b - a +0 robe (worn)
Potions
 c - a potion of brilliance {unknown}
Comestibles
 d - a ration


   Skills:
 + Level 1.1 Fighting
 - Level 1.7 Dodging
 * Level 2.8 Unarmed Combat
 + Level 2.0 Spellcasting
 * Level 1.9 Transmutations


You had 3 spell levels left.
You knew the following spells:

 Your Spells              Type           Power        Failure   Level  Hunger
a - Beastly Appendage     Tmut           #.....       11%         1    ##.....

Your spell library contained the following spells:

 Spells                   Type           Power        Failure   Level  Hunger
 Spider Form              Tmut/Pois      #.........   43%         3    ####...
 Blade Hands              Tmut           #.........   96%         5    ######.
 Ice Form                 Ice/Tmut       #.......     85%         4    #####..
 Sticks to Snakes         Tmut           #.......     16%         2    ###....


Dungeon Overview and Level Annotations

Branches:
Dungeon (1/15)

Altars:


Innate Abilities, Weirdness & Mutations

You have claws for feet.


Message History

You are too injured to fight recklessly!
You are too injured to fight recklessly!
There are monsters nearby!
You are too injured to fight recklessly!
You are too injured to fight recklessly!
The kobold throws a stone.
The stone barely misses you.
Things that are here:
a stone; a frilled lizard corpse; a dart slug corpse
Casting: Beastly Appendage (safe; 11% risk of failure)
Confirm with . or Enter, or press ? or * to list all spells.
Your feet morph into talons.
The kobold hits you with a short sword.
* * * LOW HITPOINT WARNING * * *
Your transformation is almost over.
The kobold hits you but does no damage.
You miss the kobold. Your kick misses the kobold.
The kobold hits you but does no damage.
You closely miss the kobold. The kobold misses you.
You closely miss the kobold. Your kick misses the kobold.
The kobold hits you with a short sword.
You die...

##.#.### ...... .
....####.. #.........#
#>.###..#......##.....
#......(..............
####..#K####.......>..
#..#K# #..#...... #
#..#@# #..#...... .
#..#.# #..##.....##
###..#.## ##..## #.##..
#..!....# #....###^##.#
#....$..###.....##....#
#...........##.†......#
#.......######.....##.#
#.......# #.##(.##.#
#...##.## ...##..##..


You could see 2 kobolds.

Vanquished Creatures
  A dart slug (D:1)
  A hobgoblin (D:1)
  A frilled lizard (D:1)
3 creatures vanquished.

Notes
Turn   | Place    | Note
-------+----------+-------------------------------------------
     0 | D:1      | kae the Demonspawn Transmuter began the quest for the Orb.
     0 | D:1      | Reached XP level 1. HP: 15/15 MP: 3/3
     2 | D:1      | Noticed a naga
     2 | D:1      | Noticed a ghoul
     4 | D:1      | Noticed a demonspawn
     4 | D:1      | Noticed a dwarf
     6 | D:1      | Noticed a minotaur
     6 | D:1      | Noticed a vampire
     8 | D:1      | Noticed a draconian
     8 | D:1      | Noticed a merfolk
    10 | D:1      | Noticed an ogre
    10 | D:1      | Noticed a vine stalker
    12 | D:1      | Noticed a troll
    12 | D:1      | Noticed a tengu
    14 | D:1      | Noticed a halfling
    14 | D:1      | Noticed a gargoyle
    16 | D:1      | Noticed a centaur
    18 | D:1      | Noticed a felid
    20 | D:1      | Noticed an octopode
    22 | D:1      | Noticed a human
    22 | D:1      | Noticed an elf
    25 | D:1      | Noticed a formicid
    27 | D:1      | Noticed a demigod
    27 | D:1      | Noticed a spriggan
    93 | D:1      | Slain by a kobold

Vault maps used:
D:1:      kb_arrival_jail

Action                   || total
-------------------------++-------
Melee: Unarmed           ||    23
       Kick              ||     1
 Cast: Beastly Appendage ||     2
Armor: Robe              ||     1
Dodge: Dodged            ||    17

Table legend:
 A = Spawn XP
 B = Non-spawn XP
 C = Spawn XP percentage of total XP
 D = Spawn monster count
 E = Non-spawn monster count
 F = Spawn count percentage of total count
 G = Total turns spent on level
                    A         B        C        D         E        F      G
               +---------+---------+-------+---------+---------+-------+---------
         Total |       0 |       7 |   0.0 |       0 |       3 |   0.0 |    93
               +---------+---------+-------+---------+---------+-------+---------
           D:1 |       0 |       7 |   0.0 |       0 |       3 |   0.0 |    93
               +---------+---------+-------+---------+---------+-------+---------
